 Dungeon Crawl Stone Soup version 0.29.1-13-g9f3cf754e1 (webtiles) character file.

Game seed: 11957171364804030906

252 xian the Sneak (level 6, -3/38 HPs)
             Began as an Octopode Enchanter on Jan 29, 2023.
             Succumbed to Duvessa's poison
             ... on level 4 of the Dungeon.
             The game lasted 00:07:20 (3429 turns).

xian the Sneak (Octopode Enchanter)                 Turns: 3429, Time: 00:07:21

Health: -3/38      AC:  1    Str:  7    XL:     6   Next: 13%
Magic:  4/9        EV: 13    Int: 20    God:
Gold:   93         SH:  0    Dex: 12    Spells: 5/10 levels left

rFire   . . .      SeeInvis .   a - +1 dagger
rCold   . . .      Faith    .   (no shield)
rNeg    + . .      Spirit   .   (helmet restricted)
rPois   .          Reflect  .   w - amulet of regeneration
rElec   .          Harm     .   c - ring of flight
rCorr   .          Rampage  .   p - ring of positive energy
Will    +....                   v - ring of willpower
Stlth   ++++......              (no ring)
HPRegen 0.92/turn               (no ring)
MPRegen 0.11/turn               (no ring)
                                (no ring)
                                (no ring)

@: lethally poisoned (-3 -> -32), confusing by touch, flying, invisible
A: almost no armour, amphibious, 8 rings, camouflage 1, gelatinous body 1,
(nimble swimmer 1), tentacles
a: no special abilities


You were on level 4 of the Dungeon.
You visited 1 branch of the dungeon, and saw 4 of its levels.

You collected 93 gold pieces.

Inventory:

Hand Weapons
 a - a +1 dagger (weapon)
Missiles
 d - 5 javelins
 i - 35 stones (quivered)
 u - 2 boomerangs
Magical Staves
 o - a staff of earth
Jewellery
 c - a ring of flight (left tentacle)
 p - a ring of positive energy (right tentacle)
 v - a ring of willpower (on tentacle)
 w - an amulet of regeneration (around mantle)
Wands
 x - a wand of flame (16)
Scrolls
 g - a scroll of vulnerability {unknown}
 h - a scroll of blinking {unknown}
 j - a scroll of poison
 k - a scroll of enchant armour
 m - a scroll of fear
 n - 2 scrolls of teleportation {unknown}
 r - a scroll of amnesia
Potions
 b - a potion of invisibility
 e - a potion of resistance {unknown}
 f - a potion of flight {unknown}
 l - 2 potions of brilliance {unknown}
 q - a potion of might {unknown}
 s - 2 potions of degeneration {unknown}
 t - a potion of attraction {unknown}


   Skills:
 + Level 1.0 Fighting
 + Level 2.1 Short Blades
 + Level 0.8 Throwing
 + Level 2.8 Dodging
 + Level 7.0 Stealth
 + Level 2.6 Spellcasting
 + Level 3.3 Hexes
 + Level 0.6 Ice Magic


You had 5 spell levels left.
You knew the following spells:

 Your Spells              Type           Power      Damage    Failure   Level
a - Ensorcelled Hibernat  Hex/Ice        20%        N/A       10%         2
b - Confusing Touch       Hex            16%        N/A       11%         3

Your spell library contained the following spells:

 Spells                   Type           Power      Damage    Failure   Level
 Tukima's Dance           Hex            16%        N/A       11%         3
 Dazzling Flash           Conj/Hex       18%        N/A       22%         3


Dungeon Overview and Level Annotations

Branches:
Dungeon (4/15)
 Temple: D:4-7

Altars:

Annotations:
D:4 Dowan, Duvessa


Innate Abilities, Weirdness & Mutations

You cannot wear most types of armour.
You are amphibious.
You can wear up to eight rings at the same time.
Your skin changes colour to match your surroundings (Stealth+).
Your rubbery body absorbs attacks. (AC +1, EV +1)
((You are camouflaged when in or above water. (Stealth+)))
You have tentacles for arms and can constrict up to eight enemies at once.


Message History

The giant cockroach is moderately wounded.
You constrict the giant cockroach.
Duvessa, Sister of Dowan comes into view.
She is wielding a +2 short sword of venom.
The giant cockroach misses you.
Duvessa shouts!
You hit the giant cockroach.
The giant cockroach is almost dead.
You constrict the giant cockroach.
You kill the giant cockroach!
A gnoll comes into view. It is wielding a +0 halberd.
Your Stealth skill increases to level 7!
Duvessa gestures with her weapon.
Casting: Ensorcelled Hibernation (safe; 10% risk of failure)
Confirm with . or Enter, or press ? or * to list all spells.
Your tentacles begin to glow red.
Duvessa hits you with a +2 short sword of venom.
You are poisoned.
Casting: Confusing Touch (dangerous; 11% risk of failure)
Confirm with . or Enter, or press ? or * to list all spells.
Aiming: Ensorcelled Hibernation (safe; 10% risk of failure)
Press: ? - help, Shift-Dir - straight line, f - Duvessa
Aim: Duvessa, wielding a +2 short sword of venom and wearing a +0 ring mail (chance to confuse on hit: 32%, chance to affect: 27%) Duvessa easily resists.
You feel very sick. Duvessa closely misses you.
Dowan, Brother of Duvessa comes into view.
He is wielding a +0 dagger of freezing.
Dowan shouts!
You hit Duvessa but do no damage. You grab Duvessa.
You constrict Duvessa, but do no damage.
You feel sick.
Duvessa hits you with a +2 short sword of venom!
You are lethally poisoned!
Unknown command.
You release your grip on Duvessa.
Duvessa attacks as you move away!
Duvessa hits you with a +2 short sword of venom.
You are more poisoned.
* * * LOW HITPOINT WARNING * * *
You feel extremely sick.
You fade into invisibility!
You die...

#.....#
########.....##########
............#........##
########.............††
#..e.##.......## #
#....##.......# #.
#########.#..##.....###
#..####.....<##....####.###
#...........@e...## #.#
####.............# #.#
#............## #.#
#...........## #.#
#.............# #.#
#.....######### ### #.....#
##....# #.....#


You could see Duvessa (unable to see you).

Vanquished Creatures
  An ogre (D:2)
  Natasha (twice) (D:3)
  4 adders
  2 worms
  A dart slug (D:1)
  2 bat skeletons (D:2)
  A bat zombie (D:2)
  9 endoplasms
  7 giant cockroaches
  2 goblins (D:2)
  6 hobgoblins
  7 jackals
  5 quokkas
  2 ball pythons
  A ball python skeleton (D:2)
  A ball python zombie (D:2)
  3 bats
  5 frilled lizards
  2 giant cockroach zombies (D:2)
  A jackal skeleton (D:2)
  5 kobolds
  3 rats
72 creatures vanquished.

Notes
Turn   | Place    | Note
-------+----------+-------------------------------------------
     0 | D:1      | xian the Octopode Enchanter began the quest for the Orb.
     0 | D:1      | Reached XP level 1. HP: 11/11 MP: 3/3
   111 | D:1      | Reached XP level 2. HP: 3/17 MP: 5/5
   431 | D:1      | Found a faded altar of an unknown god.
   706 | D:1      | Learned a level 2 spell: Ensorcelled Hibernation
   742 | D:1      | Reached XP level 3. HP: 11/21 MP: 6/6
  1169 | D:1      | Reached skill level 5 in Stealth
  1348 | D:1      | Learned a level 3 spell: Confusing Touch
  1782 | D:2      | Reached XP level 4. HP: 27/27 MP: 7/7
  1900 | D:2      | Noticed an ogre
  1904 | D:2      | Killed an ogre
  1905 | D:2      | Reached skill level 6 in Stealth
  1905 | D:2      | Reached XP level 5. HP: 3/32 MP: 1/8
  3056 | D:3      | Noticed Natasha
  3086 | D:3      | Killed Natasha
  3203 | D:3      | Noticed Natasha
  3208 | D:3      | Killed Natasha
  3209 | D:3      | Reached skill level 1 in Fighting
  3209 | D:3      | Reached XP level 6. HP: 38/38 MP: 6/9
  3402 | D:4      | Noticed Duvessa
  3404 | D:4      | Reached skill level 7 in Stealth
  3426 | D:4      | Noticed Dowan
  3429 | D:4      | Succumbed to Duvessa's poison

Illustrated notes

Levels and vault maps discovered:
D:1:      wander_arrival_abandoned_jail, layout_loops_cross,
          chequers_ecumenical_altar_twisty, minmay_pentomino_o4
D:2:      layout_loops_ring, serial_undead, serial_undead_d, serial_undead_a,
          serial_undead_c, serial_undead_f, serial_undead_f, serial_undead_f,
          serial_undead_d
D:3:      layout_rooms, amcnicky_mini_pool_small, uniq_natasha
D:4:      minmay_opposing_rooms, layout_rooms, nicolae_yredelemnul_ghost_church,
          general_overflow_altar, amcnicky_altar_gilded, grunt_ministairs_13,
          uniq_duvessa, uniq_menkaure

Skill      XL: |  1  2  3  4  5  6 |
---------------+-------------------+-----
Stealth        | 5 6 7 |  7.0
Short Blades   | 2 |  2.1
Fighting       | 1 |  1.0
Throwing       | |  0.8
Dodging        | |  2.8
Spellcasting   | |  2.6
Hexes          | |  3.3
Ice Magic      | |  0.6

Action                   |  1- 3 |  4- 6 || total
-------------------------+-------+-------++-------
Melee: Dagger            |    63 |    72 ||   135
       Tentacles         |    13 |    15 ||    28
       Constrict         |     9 |    17 ||    26
       Punch             |       |     3 ||     3
Throw: Javelin           |     2 |       ||     2
       Stone             |     3 |     9 ||    12
 Cast: Ensorcelled Hiber |       |    10 ||    10
       Confusing Touch   |       |     1 ||     1
  Use: Scroll            |       |     5 ||     5
       Potion            |       |     1 ||     1
 Stab: Sleeping          |    18 |    16 ||    34
Armor: Skin              |     5 |    16 ||    21
Dodge: Dodged            |    27 |    71 ||    98
